 Dungeon Crawl Stone Soup version 0.18-a0-1784-ga939a68 (webtiles) character file.

1022 Murumi the Shield-Bearer (level 8, 0/58 HPs)
             Began as a Formicid Fighter on Apr 18, 2016.
             Killed by divine providence
             ... invoked by an orc priest
              (17 damage)
             ... on level 5 of the Dungeon.
             The game lasted 00:24:38 (5607 turns).

Murumi the Shield-Bearer (Formicid Fighter)         Turns: 5607, Time: 00:24:38

Health: 0/58       AC: 11    Str: 23    XL:     8   Next: 46%
Magic:  8/8        EV:  7    Int:  5    God:
Gold:   228        SH: 14    Dex: 10    Spells: 0 memorised, 7 levels left

rFire  . . .     SeeInvis +     e - +0 long sword
rCold  . . .     Gourm    .     u - +0 chain mail
rNeg   . . .     Faith    .     k - +3 shield
rPois  .         Spirit   .     (helmet unavailable)
rElec  +         Dismiss  .     p - +1 cloak
rCorr  .         Reflect  .     (no gloves)
SustAt .         Harm     .     (no boots)
MR     .....                    q - amulet of inaccuracy (curse)
Stlth  ..........               (no ring)
                                n - -3 ring of intelligence (curse)

@: not resistant to hostile enchantments, extremely unstealthy
A: permanent stasis, dig shafts and tunnels, four strong arms, antennae 3,
electricity resistance
a: Dig, Shaft Self


You were on level 5 of the Dungeon.
You were not hungry.

You visited 1 branch of the dungeon, and saw 5 of its levels.

You collected 228 gold pieces.

Inventory:

Hand Weapons
 e - a +0 long sword (weapon)
 f - a +2 hunting sling of velocity
Missiles
 a - 307 stones (quivered)
 l - 54 sling bullets
Armour
 k - a +3 shield (worn)
 p - a +1 cloak (worn)
 u - a +0 chain mail (worn)
Jewellery
 n - a cursed -3 ring of intelligence (left hand)
 q - a cursed amulet of inaccuracy (around neck)
Scrolls
 m - 2 scrolls of amnesia
 r - 2 scrolls of recharging
 s - a scroll of enchant armour
Potions
 c - 3 potions of heal wounds
 g - 3 potions of curing
 h - 2 potions of agility
 i - a potion of brilliance
 j - a potion of cancellation
 t - a potion of lignification {unknown}
Comestibles
 b - a meat ration
 d - a chunk of flesh
 o - 5 bread rations
 v - 6 fruits


   Skills:
 - Level 3.2 Fighting
 - Level 5.1 Long Blades
 - Level 6.0 Slings
 - Level 3.2 Armour
 + Level 7.6 Shields


You had 7 spell levels left.
You didn't know any spells.

Dungeon Overview and Level Annotations

Branches:
Dungeon (5/15)
 Temple: D:4-7

Altars:
Dithmenos
Gozag
Nemelex Xobeh
Qazlal
Trog

Shops:
D:4 }


Innate Abilities, Weirdness & Mutations

You are under a permanent stasis effect.
You can dig through walls and to a lower floor.
Your four strong arms can wield two-handed weapons with a shield.
You have a pair of large antennae on your head (SInv).
You are resistant to electric shocks.


Message History

The orc priest is severely wounded.
The orc priest hits you but does no damage.
The orc priest looks braver for a moment.
You hit the orc priest.
The orc priest is almost dead.
You block the orc priest's attack.
You hit the orc priest but do no damage.
The orc priest is almost dead.
The orc priest mumbles some strange prayers to Beogh against you.
Beogh smites you!
* * * LOW HITPOINT WARNING * * *
You are too injured to fight recklessly!
You hit the orc priest but do no damage.
The orc priest is almost dead.
You block the orc priest's attack.
You closely miss the orc priest.
The orc priest is almost dead.
The orc priest invokes the aid of Beogh against you.
Beogh smites you!
You die...

#.###############..#####........#
#.# #...## #.#.....## #.#
#....###.##(..## #.#
#####.....##.###).# #.#
#....o.....#.# #.# #.#
#.###.o......# #.# #.##{#...#####
#(# #.#o###.## #.#### #.##@##(#
#....# ##.#####(#
..##.#######...# #(#
####.........#.# #(# #
#.#######...# .# # #.# #####
####.# .....# ####.#


You could see an orc priest.

Vanquished Creatures
  Sigmund (D:4)
  A water moccasin (D:5)
  An ice beast (D:5)
  2 ogres
  A crimson imp (D:5)
  A giant frog zombie (D:5)
  A centaur skeleton (D:4)
  Crazy Yiuf (D:4)
  A hound (D:4)
  3 orc wizards
  2 worker ants (D:5)
  A howler monkey skeleton (D:5)
  8 adders
  2 adder skeletons (D:5)
  5 worms
  3 dart slugs
  3 giant geckos
  9 orcs
  3 bats (D:1)
  3 giant cockroaches
  13 goblins
  8 hobgoblins
  5 jackals
  6 quokkas
  A giant gecko skeleton (D:4)
  3 giant newts
  13 kobolds
  10 rats
111 creatures vanquished.

Notes
Turn   | Place    | Note
--------------------------------------------------------------
     0 | D:1      | Murumi the Formicid Fighter began the quest for the Orb.
     0 | D:1      | Reached XP level 1. HP: 18/18 MP: 1/1
    87 | D:1      | Reached skill level 4 in Shields
   104 | D:1      | Reached XP level 2. HP: 22/24 MP: 2/2
   468 | D:1      | Reached XP level 3. HP: 17/29 MP: 3/3
  1031 | D:2      | Found a stormy altar of Qazlal.
  1094 | D:2      | Reached XP level 4. HP: 31/35 MP: 4/4
  1150 | D:2      | Noticed a moth of wrath
  1153 | D:2      | Found a bloodstained altar of Trog.
  1331 | D:2      | Reached skill level 5 in Shields
  1374 | D:2      | Gained mutation: You are resistant to electric shocks. [potion of beneficial mutation]
  1699 | D:2      | Reached skill level 1 in Slings
  2195 | D:3      | Reached XP level 5. HP: 41/41 MP: 5/5
  2241 | D:3      | Found an opulent altar of Gozag.
  3126 | D:4      | Noticed Sigmund
  3171 | D:4      | Killed Sigmund
  3171 | D:4      | Reached skill level 5 in Slings
  3171 | D:4      | Reached XP level 6. HP: 9/47 MP: 6/6
  3475 | D:4      | Noticed Crazy Yiuf
  3490 | D:4      | Killed Crazy Yiuf
  3554 | D:4      | Noticed an ogre
  3560 | D:4      | Killed an ogre
  3560 | D:4      | Reached XP level 7. HP: 52/52 MP: 7/7
  3571 | D:4      | Found a shadowy altar of Dithmenos.
  4072 | D:4      | Reached skill level 6 in Shields
  4095 | D:4      | Found Diludupa's Gadget Emporium.
  4443 | D:5      | Entered Level 5 of the Dungeon
  4640 | D:5      | Noticed a wraith
  4706 | D:5      | Found a sparkling altar of Nemelex Xobeh.
  4862 | D:5      | Reached skill level 7 in Shields
  4862 | D:5      | Reached XP level 8. HP: 49/58 MP: 8/8
  5167 | D:5      | Reached skill level 5 in Long Blades
  5607 | D:5      | Killed from afar by an orc priest

Vault maps used:
D:1:      lemuel_arrival_behind_the_door_large
D:2:      tgw_trog, grunt_qazlal_sundering
D:3:      nicolae_overflow_crystal_walls, minmay_goblin_outpost
D:4:      old_standard_altar, first_bread, serial_shops, nicolae_shop_trees,
          uniq_sigmund, uniq_crazy_yiuf_cottage
D:5:      zin_angel, nemelex_deck, roderic_lattice_a, lightli_corner_chamber

Skill      XL: |  1  2  3  4  5  6  7  8 |
---------------+-------------------------+-----
Shields        | 4 5 7 |  7.6
Long Blades    | 3 4 5 |  5.1
Slings         | 2 5 6 |  6.0
Fighting       | |  3.2
Armour         | |  3.2

Action                   |  1- 3 |  4- 6 |  7- 9 || total
-------------------------+-------+-------+-------++-------
Melee: Long sword        |   132 |   115 |   315 ||   562
 Fire: Hunting sling     |       |    80 |    89 ||   169
 Abil: Dig               |     1 |       |     1 ||     2
  Use: Scroll            |    10 |     5 |     3 ||    18
       Potion            |       |     2 |       ||     2
  Eat: Chunk             |     1 |     8 |     7 ||    16
Armor: Scale mail        |    49 |    22 |    71 ||   142
       Chain mail        |       |       |    20 ||    20
Dodge: Dodged            |    42 |    23 |    73 ||   138
Block: Shield            |    96 |    61 |   226 ||   383
